 Dungeon Crawl Stone Soup version 0.23.1 (webtiles) character file.

Game seed: 14013336858935891116

576 Borgoz the Sneak (level 7, -2/55 HPs)
             Began as a Ghoul Enchanter on Mar 3, 2019.
             Slain by an ice beast (5 damage)
             ... on level 5 of the Dungeon.
             The game lasted 00:09:44 (5781 turns).

Borgoz the Sneak (Ghoul Enchanter)                  Turns: 5781, Time: 00:09:45

Health: -2/55      AC:  5    Str: 12    XL:     7   Next: 35%
Magic:  2/10       EV: 13    Int: 10    God:
Gold:   249        SH:  0    Dex: 13    Spells: 5/11 levels left

rFire    . . .     SeeInvis .   a - +1 dagger
rCold    + . .     Gourm    .   (no shield)
rNeg     + + +     Faith    .   b - +0 robe
rPois    ∞         Spirit   .   k - +1 helmet
rElec    .         Reflect  .   j - +0 cloak
rCorr    .         Harm     .   (no gloves)
MR       .....                  (no boots)
Stlth    +++.......             (no amulet)
HPRegen  0.00/turn              l - +2 ring of dexterity
MPRegen  0.12/turn              (no ring)

@: about to teleport, very slightly contaminated, rotting
A: rotting body, claws 1, carnivore, cold resistance 1, negative energy
resistance 3, inhibited regeneration, torment resistance, unbreathing
a: no special abilities


You were on level 5 of the Dungeon.
You were not hungry.

You visited 1 branch of the dungeon, and saw 5 of its levels.

You collected 249 gold pieces.

Inventory:

Hand Weapons
 a - a +1 dagger (weapon)
Armour
 b - a +0 robe (worn)
 j - a +0 cloak (worn)
 k - a +1 helmet (worn)
Jewellery
 l - a +2 ring of dexterity (left claw)
Wands
 f - a wand of paralysis (1)
Scrolls
 g - 3 scrolls of teleportation
 h - a scroll of random uselessness {unknown}
 i - 2 scrolls of enchant weapon {unknown}
 o - 4 scrolls of identify
 p - 2 scrolls of blinking {unknown}
 q - 2 scrolls of immolation {unknown}
Potions
 m - a potion of degeneration
Comestibles
 d - 8 rations


   Skills:
 + Level 2.3 Fighting
 * Level 3.3 Short Blades
 + Level 1.9 Armour
 * Level 3.7 Dodging
 + Level 4.5 Stealth
 + Level 2.7 Spellcasting
 + Level 3.1 Hexes


You had 5 spell levels left.
You knew the following spells:

 Your Spells              Type           Power        Failure   Level  Hunger
a - Corona                Hex            #......      9%          1    ##.....
b - Ensorcelled Hibernat  Hex/Ice        #.....       24%         2    ###....
c - Confuse               Hex            #.......     24%         3    ####...

Your spell library contained the following spells:

 Spells                   Type           Power        Failure   Level  Hunger
 Tukima's Dance           Hex            #.......     24%         3    ####...
 Dazzling Spray           Conj/Hex       #.....       43%         3    ####...
 Static Discharge         Conj/Air       #.......     65%         3    ####...
 Lightning Bolt           Conj/Air       #.........   100%        5    ######.
 Ignition                 Fire           #.........   100%        8    #######
 Shatter                  Erth           #.........   100%        9    #######
 Tornado                  Air            #.........   100%        9    #######


Dungeon Overview and Level Annotations

Branches:
Dungeon (5/15)
 Temple: D:4-7

Altars:
Cheibriados
Okawaru
Qazlal
Sif Muna

Annotations:
D:5 Dowan, Duvessa


Innate Abilities, Weirdness & Mutations

Your body is rotting away.
You thrive on raw meat.
You are immune to poison.
You have sharp fingernails.
You are carnivorous and can eat meat at any time.
Your flesh is cold resistant. (rC+)
You are immune to negative energy. (rN+++)
You do not regenerate when monsters are visible.
You are immune to unholy pain and torment.
You can survive without breathing.


Message History

The ice beast hits you. The ice beast freezes you. You resist.
* * * LOW HITPOINT WARNING * * *
You hit the ice beast but do no damage.
The ice beast is heavily wounded.
You hit the ice beast.
The ice beast is heavily wounded.
The ice beast hits you.
* * * LOW HITPOINT WARNING * * *
The ice beast freezes you. You resist.
* * * LOW HITPOINT WARNING * * *
Okay, then.
As you read the scroll of identify, it crumbles to dust.
g - 4 scrolls of teleportation The ice beast hits you but does no damage.
Okay, then.
As you read the scroll of teleportation, it crumbles to dust.
You feel strangely unstable. The ice beast hits you.
* * * LOW HITPOINT WARNING * * *
The ice beast freezes you. You resist.
You die...

#.....##
#.#.#####.#
##...##
#.#.####
##'##
#......#
#.#
###.##.#
###.#
#.##.# #
...[##
#.##.##.#
##...##
#...5...#
#.....#
####Y####
.....## #@#
#.#.#######
#.#
#..........
..#
###.######
#### ###.#
....# #####


You could see an ice beast and a shadow imp.

Vanquished Creatures
  A bullfrog (D:4)
  A scorpion (D:4)
  A crimson imp (D:5)
  A hound (D:4)
  An orc priest (D:5)
  3 orc wizards
  Ijyb (D:4)
  3 worker ants (D:4)
  6 adders
  An ooze (D:1)
  An adder skeleton (D:5)
  3 worms
  4 dart slugs
  4 leopard geckos
  7 orcs
  7 bats
  12 giant cockroaches
  11 hobgoblins
  8 jackals
  A quokka (D:4)
  2 ball pythons
  6 frilled lizards
  7 goblins
  13 kobolds
  3 rats
108 creatures vanquished.

Notes
Turn   | Place    | Note
-------+----------+-------------------------------------------
     0 | D:1      | Borgoz the Ghoul Enchanter began the quest for the Orb.
     0 | D:1      | Reached XP level 1. HP: 14/14 MP: 2/2
    80 | D:1      | Reached skill level 1 in Short Blades
   132 | D:2      | Reached XP level 2. HP: 12/22 MP: 3/3
   255 | D:1      | Reached XP level 3. HP: 18/27 MP: 4/4
  1617 | D:1      | Learned a level 2 spell: Ensorcelled Hibernation
  1623 | D:1      | Learned a level 3 spell: Confuse
  1948 | D:2      | Reached skill level 1 in Fighting
  1948 | D:2      | Reached XP level 4. HP: 10/33 MP: 6/6
  2261 | D:2      | Found a deep blue altar of Sif Muna.
  2264 | D:2      | Found a stormy altar of Qazlal.
  3170 | D:3      | Reached XP level 5. HP: 14/40 MP: 7/7
  3173 | D:3      | Reached skill level 1 in Armour
  3724 | D:3      | Found a snail-covered altar of Cheibriados.
  4144 | D:4      | Noticed Ijyb
  4145 | D:4      | Paralysed by Ijyb for 5 turns
  4162 | D:4      | Killed Ijyb
  4166 | D:4      | Reached skill level 4 in Stealth
  4197 | D:4      | Reached XP level 6. HP: 16/48 MP: 3/8
  4273 | D:4      | Found an iron altar of Okawaru.
  5239 | D:5      | Entered Level 5 of the Dungeon
  5270 | D:5      | Reached XP level 7. HP: 54/55 MP: 9/9
  5715 | D:5      | Noticed Duvessa
  5723 | D:5      | Noticed Dowan
  5781 | D:5      | Slain by an ice beast

Skill      XL: |  1  2  3  4  5  6 |
---------------+-------------------+-----
Short Blades   | 1 2 3 |  3.3
Dodging        | 2 3 |  3.7
Spellcasting   | 2 |  2.7
Fighting       | 1 2 |  2.3
Armour         | 1 |  1.9
Stealth        | 4 |  4.5
Hexes          | 3 |  3.1

Action                   |  1- 3 |  4- 6 |  7- 9 || total
-------------------------+-------+-------+-------++-------
Melee: Dagger            |   191 |   393 |    59 ||   643
 Cast: Ensorcelled Hiber |     2 |     5 |     6 ||    13
       Confuse           |       |       |     1 ||     1
  Use: Scroll            |       |     1 |     2 ||     3
       Potion            |       |     5 |     1 ||     6
 Stab: Sleeping          |     3 |    17 |     2 ||    22
  Eat: Chunk             |    17 |    30 |     1 ||    48
Armor: Robe              |    26 |    80 |    17 ||   123
Dodge: Dodged            |   142 |   200 |    22 ||   364
